 Dungeon Crawl Stone Soup version 0.31-a0-1-g4198be8af4 (webtiles) character file.

Game seed: 1214316400493443993

82 DiggyJ the Ruffian (level 4, -2/36 HPs)
             Began as a Ghoul Monk on May 2, 2023.
             Was a Priest of Hepliaklqana.
             Slain by an orc
             ... wielding a +3 trident
              (6 damage)
             ... on level 3 of the Dungeon.
             The game lasted 00:04:41 (1899 turns).

DiggyJ the Ruffian (Ghoul Monk)                     Turns: 1899, Time: 00:04:41

Health: -2/36      AC:  2    Str: 16    XL:     4   Next: 43%
Magic:  3/3        EV: 13    Int:  5    God:    Hepliaklqana [***...]
Gold:   216        SH:  0    Dex: 17    Spells: 3/3 levels left

rFire   . .          .
                       - Unarmed
rCold   + . .        (no shield)
rNeg    + + +        a - +0 robe
rPois   ∞            (no helmet)
rElec   .            (no cloak)
rCorr   .            (no gloves)
SInv    .            (no boots)
Will    .....        g - amulet of magic regeneration
Stlth   ++           h - +6 ring of dexterity
HPRegen 0.00/turn    (no ring)
MPRegen 0.48/turn

%: no passive effects
@: inhibited regen
A: reduced essence, claws 1, cold resistance 1, negative energy resistance 3,
inhibited regeneration, torment resistance 2, devour on kill
a: Renounce Religion, Recall Ancestor, Ancestor Identity, Transference


You were on level 3 of the Dungeon.
You worshipped Hepliaklqana.
Hepliaklqana was most pleased with you.
You visited 1 branch of the dungeon, and saw 3 of its levels.

You collected 216 gold pieces.

Inventory:

Armour
 a - a +0 robe (worn)
 c - an orb of light
Jewellery
 g - an amulet of magic regeneration (around neck)
 h - a +6 ring of dexterity (left claw)
 o - an amulet of regeneration
Scrolls
 e - a scroll of fog {unknown}
 i - a scroll of fear {unknown}
 l - 2 scrolls of vulnerability {unknown}
 n - 2 scrolls of blinking {unknown}
 p - a scroll of brand weapon {unknown}
Potions
 b - a potion of ambrosia
 d - 2 potions of flight {unknown}
 f - a potion of berserk rage {unknown}
 j - a potion of mutation {unknown}
 k - a potion of haste {unknown}
 m - a potion of brilliance {unknown}


   Skills:
 + Level 3.8 Fighting
 + Level 3.1 Dodging
 + Level 1.1 Stealth
 + Level 4.6 Unarmed Combat


You had 3 spell levels left.
You didn't know any spells.
Your spell library was empty.

Dungeon Overview and Level Annotations

Branches:
Dungeon (3/15)

Altars:
Hepliaklqana
Makhleb
Xom
Yredelemnul


Innate Abilities, Weirdness & Mutations

Your life essence is reduced to manifest your ancestor. (-10% HP)
You are immune to poison.
You have sharp fingernails.
Your flesh is cold resistant. (rC+)
You are immune to negative energy. (rN+++)
You do not regenerate when monsters are visible.
You are immune to unholy pain and torment.
You thrive by killing the living.


Message History

You are too injured to fight recklessly!
You are too injured to fight recklessly!
You are too injured to fight recklessly!
You are too injured to fight recklessly!
You are too injured to fight recklessly!
You are too injured to fight recklessly!
You are too injured to fight recklessly!
You are too injured to fight recklessly!
You are too injured to fight recklessly!
You are too injured to fight recklessly!
You are too injured to fight recklessly!
You are too injured to fight recklessly!
You are too injured to fight recklessly!
You are too injured to fight recklessly!
You barely miss the adder.
The adder is almost dead.
The adder barely misses you.
You barely miss the adder.
The adder is almost dead.
The orc closely misses you. The adder bites you.
You closely miss the adder.
The adder is almost dead.
The adder closely misses you.
The orc hits you from afar with a +3 trident.
The adder closely misses you.
You miss the adder.
The adder is almost dead.
The orc closely misses you. The adder bites you.
You closely miss the adder.
The adder is almost dead.
The orc closely misses you. The adder bites you.
* * * LOW HITPOINT WARNING * * *
You scratch the adder.
You kill the adder!
The orc hits you from afar with a +3 trident.
* * * LOW HITPOINT WARNING * * *
2 jackals come into view.
The jackal barks!
The orc hits you with a +3 trident.
You die...

..### #.# #......# ....# #.#
#......######## ..#.#
#.######..........#
#.#.###..)............#.#
#.#.....##..##.######.#.#########
#.........>#..†.......#...)......
############R#.#################.
#.#.#o..^.h.h #. #.#.#@# #.
#.#†#.# #. #.#.#R# #. #.#.#.###.#
#. #.#....)..# #. #.###.......#
#. #.###################.
#.....................
######################


You could see the friendly Peanut the knight, an orc (ally target) and 2
jackals.

Vanquished Creatures
  2 adders (D:3)
  A worm (D:2)
  3 dart slugs
  2 orcs (D:3)
  9 endoplasms
  A giant cockroach (D:3)
  2 goblins
  3 hobgoblins
  3 jackals (D:1)
  A quokka (D:3)
  2 ball pythons
  3 bats
  A frilled lizard (D:1)
  6 kobolds
39 creatures vanquished.

Vanquished Creatures (collateral kills)
  A worm (D:2)
  A dart slug (D:2)
  An endoplasm (D:2)
  A hobgoblin (D:3)
  A ball python (D:2)
5 creatures vanquished.

Grand Total: 44 creatures vanquished

Notes
Turn   | Place    | Note
-------+----------+-------------------------------------------
     0 | D:1      | DiggyJ the Ghoul Monk began the quest for the Orb.
     0 | D:1      | Reached XP level 1. HP: 19/19 MP: 0/0
   202 | D:1      | Reached XP level 2. HP: 16/26 MP: 1/1
   420 | D:1      | Reached skill level 4 in Unarmed Combat
   516 | D:1      | Found a faded altar of an unknown god.
   552 | D:1      | Prayed at the altar of an unknown god.
   552 | D:1      | Became a worshipper of Hepliaklqana the Forgotten
   552 | D:1      | Reached * piety under Hepliaklqana
   552 | D:1      | Reached ** piety under Hepliaklqana
   854 | D:1      | Reached XP level 3. HP: 27/27 MP: 2/2
   866 | D:1      | Remembered your ancestor Peanut as a knight
  1018 | D:2      | Reached *** piety under Hepliaklqana
  1551 | D:3      | Reached XP level 4. HP: 36/36 MP: 3/3
  1746 | D:3      | Found a basalt altar of Yredelemnul.
  1747 | D:3      | Found a burning altar of Makhleb.
  1747 | D:3      | Found a shimmering altar of Xom.
  1888 | D:3      | Reached skill level 1 in Stealth
  1899 | D:3      | Slain by an orc

Illustrated notes

Levels and vault maps discovered:
D:1:      reono_arrival_forest_river, layout_loops_ring,
          chequers_ecumenical_altar_island, serial_bayou_ford_a, st_stairs_2,
          minmay_pentomino_o4
D:2:      layout_rooms
D:3:      layout_basic, mainiacjoe_overflow_alcove_3, minmay_unequal

Skill      XL: |  1  2  3  4 |
---------------+-------------+-----
Unarmed Combat | 4 |  4.6
Dodging        | 3 |  3.1
Stealth        | 1 |  1.1
Fighting       | |  3.8

Action                     |  1- 3 |  4- 6 || total
---------------------------+-------+-------++-------
  Melee: Unarmed           |   109 |    16 ||   125
         Punch             |     1 |     1 ||     2
 Invoke: Ancestor Life: Kn |     1 |       ||     1
         Ancestor Identity |     1 |       ||     1
   Stab: Sleeping          |     1 |     1 ||     2
 Armour: Robe              |    15 |       ||    15
  Dodge: Dodged            |    55 |    13 ||    68

Table legend: (Time is in decaauts)
 A = Elapsed time spent in this place.
 B = Non-inter-level travel time spent in this place.
 C = Inter-level travel time spent in this place.
 D = Time resting spent in this place.
 E = Time spent auto-exploring this place.
 F = Levels seen in this place.
 G = Mean time per level.
                   A        B        C        D        E       F      G
               +--------+--------+--------+--------+--------+-----+--------+
         Total |   1923 |   1859 |     64 |      0 |   1524 |   3 |  641.0 |
       Dungeon |   1923 |   1859 |     64 |      0 |   1524 |   3 |  641.0 |
               +--------+--------+--------+--------+--------+-----+--------+

Top non-repeatable levels by time:
     D:1: 1040 daAuts
     D:2: 468 daAuts
     D:3: 414 daAuts
